PA
PHOENIX HOTSPUR U-21 @ GRIM REAPERS
09/05/2031
 
TOP OF THE 1ST
Phoenix Hotspur U-21 batting - Pitching for Grim Reapers : RHP Karl Dandleton
Pitching: RHP Karl Dandleton
Batting: LHB Phil Mazzeo 0-0: Called Strike
0-1: Ball
1-1: Ball
2-1: Foul Ball, location: 2F
2-2: Strikes out swinging
Batting: LHB Dinand Rehling 0-0: Called Strike
0-1: Ball
1-1: Ball
2-1: Ground out 4-3 (Groundball, 4)
Batting: RHB Lopahin Davletyarov 0-0: Ground out 5-3 (Groundball, 56)
Top of the 1st over - 0 runs, 0 hits, 0 errors, 0 left on base; Phoenix 0 - Grim 0
BOTTOM OF THE 1ST
Grim Reapers batting - Pitching for Phoenix Hotspur U-21 : RHP Eduardo Arroyo
Pitching: RHP Eduardo Arroyo
Batting: RHB Tso-i Wang 0-0: Called Strike
0-1: Ball
1-1: Fly out, F9 (Flyball, 9S)
Batting: RHB Huai-yi Yang 0-0: Called Strike
0-1: Fly out, F7 (Flyball, 7D)
Batting: RHB Milos Jaksch 0-0: Ball
1-0: Ball
2-0: Swinging Strike
2-1: Ball
3-1: DOUBLE (Line Drive, 78D)
Batting: RHB Keohi Iese 0-0: Ball
1-0: Called Strike
1-1: Swinging Strike
1-2: Ball
2-2: Strikes out looking
Bottom of the 1st over - 0 runs, 1 hit, 0 errors, 1 left on base; Phoenix 0 - Grim 0
TOP OF THE 2ND
Phoenix Hotspur U-21 batting - Pitching for Grim Reapers : RHP Karl Dandleton
Batting: RHB Martín Talia 0-0: Ball
1-0: Called Strike
1-1: Ball
2-1: Ground out 6-3 (Groundball, 6S)
Batting: LHB Mare Riseley 0-0: Ball
1-0: Foul Ball, location: 2F
1-1: Fly out, F8 (Flyball, 8RM)
Batting: RHB Terry MacDonald 0-0: SINGLE (Line Drive, 6D)
Batting: RHB Tyler Hannah 0-0: Ball
1-0: Called Strike
1-1: Ground out 5-3 (Groundball, 56)
Top of the 2nd over - 0 runs, 1 hit, 0 errors, 1 left on base; Phoenix 0 - Grim 0
BOTTOM OF THE 2ND
Grim Reapers batting - Pitching for Phoenix Hotspur U-21 : RHP Eduardo Arroyo
Batting: RHB Keiran Calleson 0-0: Foul Ball, location: 2F
0-1: Ball
1-1: Ball
2-1: SINGLE (Flyball, 89S)
Batting: RHB Bearooz Yacoobi 0-0: Called Strike
0-1: Ball
1-1: Swinging Strike
1-2: Fly out, F3 (Popup, 34)
Batting: RHB Brandon Palmer 0-0: Ball
1-0: Ball
2-0: Called Strike
2-1: Called Strike
2-2: SINGLE (Groundball, 6MD)
Keiran Calleson to second
Batting: RHB Joe Rodgers 0-0: Ball
1-0: Foul Ball, location: 2F
1-1: Ground out 6-3 (Groundball, 6MS)
Keiran Calleson to third
Brandon Palmer to second
Batting: SHB Guo-liang Ye 0-0: Ground out U3 (Groundball, 34)
Bottom of the 2nd over - 0 runs, 2 hits, 0 errors, 2 left on base; Phoenix 0 - Grim 0
TOP OF THE 3RD
Phoenix Hotspur U-21 batting - Pitching for Grim Reapers : RHP Karl Dandleton
Batting: RHB Jeff Oglethorpe 0-0: Called Strike
0-1: Ground out 4-3 (Groundball, 4MS)
Batting: RHB Diederick Wellenberg 0-0: Ball
1-0: Swinging Strike
1-1: Foul Ball, location: 2F
1-2: Strikes out looking
Batting: LHB Phil Mazzeo 0-0: Ball
1-0: Ball
2-0: Called Strike
2-1: Ball
3-1: Base on Balls
Batting: LHB Dinand Rehling 0-0: Called Strike
Phil Mazzeo steals 2nd base
0-1: Ball
1-1: Foul Ball, location: 2F
1-2: SINGLE (Groundball, 4MD)
Phil Mazzeo to third
Runner from 3rd tries for Home, SAFE, throw made home
Batting: RHB Lopahin Davletyarov 0-0: Hit by Pitch
Dinand Rehling to second
Batting: RHB Martín Talia 0-0: SINGLE (Groundball, 4MD)
Dinand Rehling to third
Lopahin Davletyarov to second
Runner from 3rd tries for Home, SAFE, no throw
Batting: LHB Mare Riseley 0-0: DOUBLE (Line Drive, 78D)
Lopahin Davletyarov scores
Martín Talia to third
Runner from 3rd tries for Home, SAFE, no throw
Batting: RHB Terry MacDonald 0-0: Ball
1-0: Called Strike
1-1: Ground out 4-3 (Groundball, 4)
Top of the 3rd over - 4 runs, 3 hits, 0 errors, 1 left on base; Phoenix 4 - Grim 0
BOTTOM OF THE 3RD
Grim Reapers batting - Pitching for Phoenix Hotspur U-21 : RHP Eduardo Arroyo
Batting: RHB Tso-i Wang 0-0: Ground out 6-3 (Groundball, 56)
Batting: RHB Huai-yi Yang 0-0: Ball
1-0: Called Strike
1-1: Ball
2-1: Ball
3-1: Foul Ball, location: 2F
3-2: Fly out, F5 (Line Drive, 56)
Batting: RHB Milos Jaksch 0-0: Fly out, F4 (Flyball, 4MD)
Bottom of the 3rd over - 0 runs, 0 hits, 0 errors, 0 left on base; Phoenix 4 - Grim 0
TOP OF THE 4TH
Phoenix Hotspur U-21 batting - Pitching for Grim Reapers : RHP Karl Dandleton
Batting: RHB Tyler Hannah 0-0: Ball
1-0: Fly out, F7 (Flyball, 7LM)
Batting: RHB Jeff Oglethorpe 0-0: Ball
1-0: Ball
2-0: SINGLE (Groundball, 6MD)
Batting: RHB Diederick Wellenberg 0-0: Foul Ball, location: 2F
0-1: Grounds into double play, 5-4-3 (Groundball, 5L)
Top of the 4th over - 0 runs, 1 hit, 0 errors, 0 left on base; Phoenix 4 - Grim 0
BOTTOM OF THE 4TH
Grim Reapers batting - Pitching for Phoenix Hotspur U-21 : RHP Eduardo Arroyo
Batting: RHB Keohi Iese 0-0: Swinging Strike
0-1: Fly out, F7 (Flyball, 7LM)
Batting: RHB Keiran Calleson 0-0: Ball
1-0: SINGLE (Groundball, 4MD)
Batting: RHB Bearooz Yacoobi 0-0: Called Strike
0-1: SINGLE (Groundball, 6D)
Keiran Calleson to second
Batting: RHB Brandon Palmer 0-0: Called Strike
0-1: Foul Ball, location: 2F
0-2: Ball
1-2: Ball
2-2: Ball
3-2: DOUBLE (Line Drive, 8LXD)
Keiran Calleson scores
Bearooz Yacoobi to third
Batting: RHB Joe Rodgers 0-0: Foul Ball, location: 2F
0-1: Foul Ball, location: 2F
0-2: SINGLE (Groundball, 34D)
Bearooz Yacoobi scores
Brandon Palmer to third
Batting: SHB Guo-liang Ye 0-0: Called Strike
0-1: SINGLE (Line Drive, 8RS)
Brandon Palmer scores
Joe Rodgers to second
Batting: RHB Tso-i Wang 0-0: Called Strike
0-1: Called Strike
0-2: Strikes out swinging
Batting: RHB Huai-yi Yang 0-0: Ball
1-0: Ball
2-0: Called Strike
2-1: Fly out, F7 (Flyball, 7S)
Bottom of the 4th over - 3 runs, 5 hits, 0 errors, 2 left on base; Phoenix 4 - Grim 3
TOP OF THE 5TH
Phoenix Hotspur U-21 batting - Pitching for Grim Reapers : RHP Karl Dandleton
Batting: LHB Phil Mazzeo 0-0: Called Strike
0-1: SINGLE (Groundball, 34D)
Batting: LHB Dinand Rehling 0-0: Sac Bunt - play at first, batter OUT! 2-3
Phil Mazzeo to second
Batting: RHB Lopahin Davletyarov 0-0: Foul Ball, location: 2F
0-1: Ball
1-1: Ball
2-1: Foul Ball, location: 2F
2-2: Ball
3-2: Base on Balls
Batting: RHB Martín Talia 0-0: Ball
1-0: Fielders Choice at 2nd, 3-6 (Groundball, 34)
Phil Mazzeo to third
Batting: LHB Mare Riseley 0-0: Ball
Wild Pitch!
Phil Mazzeo scores
Martín Talia to second
1-0: Fly out, F8 (Line Drive, 8RM)
Top of the 5th over - 1 run, 1 hit, 0 errors, 1 left on base; Phoenix 5 - Grim 3
BOTTOM OF THE 5TH
Grim Reapers batting - Pitching for Phoenix Hotspur U-21 : RHP Eduardo Arroyo
Batting: RHB Milos Jaksch 0-0: Ball
1-0: Called Strike
1-1: Ground out 4-3 (Groundball, 4)
Batting: RHB Keohi Iese 0-0: Called Strike
0-1: Swinging Strike
0-2: Ball
1-2: Strikes out swinging
Batting: RHB Keiran Calleson 0-0: Ball
1-0: Ball
2-0: Ball
3-0: Called Strike
3-1: Ground out 6-3 (Groundball, 6)
Bottom of the 5th over - 0 runs, 0 hits, 0 errors, 0 left on base; Phoenix 5 - Grim 3
TOP OF THE 6TH
Phoenix Hotspur U-21 batting - Pitching for Grim Reapers : RHP Karl Dandleton
Batting: RHB Terry MacDonald 0-0: Ball
1-0: Foul Ball, location: 2F
1-1: Hit by Pitch
Batting: RHB Tyler Hannah 0-0: Ball
1-0: Called Strike
1-1: Ball
2-1: Ball
3-1: Swinging Strike
3-2: Strikes out swinging
Batting: RHB Jeff Oglethorpe 0-0: Fly out, F3 (Popup, 4S)
Batting: RHB Diederick Wellenberg 0-0: Fielders Choice at 2nd, 5-4 (Groundball, 56)
Top of the 6th over - 0 runs, 0 hits, 0 errors, 1 left on base; Phoenix 5 - Grim 3
BOTTOM OF THE 6TH
Grim Reapers batting - Pitching for Phoenix Hotspur U-21 : RHP Eduardo Arroyo
Batting: RHB Bearooz Yacoobi 0-0: Foul Ball, location: 2F
0-1: Ball
1-1: SINGLE (Flyball, 8LS)
Batting: RHB Brandon Palmer 0-0: Called Strike
0-1: Ball
1-1: Called Strike
1-2: Foul Ball, location: 2F
1-2: Ball
2-2: Foul Ball, location: 2F
2-2: Foul Ball, location: 2F
2-2: Ball
3-2: SINGLE (Flyball, 7S)
Bearooz Yacoobi to second
Batting: RHB Joe Rodgers 0-0: Ball
1-0: Sac Bunt - play at first, batter OUT! 1-4
Bearooz Yacoobi to third
Brandon Palmer to second
Batting: SHB Guo-liang Ye 0-0: Foul Ball, location: 2F
0-1: Foul Ball, location: 2F
0-2: Ball
1-2: DOUBLE (Flyball, 89D)
Bearooz Yacoobi scores
Brandon Palmer scores
Batting: RHB Tso-i Wang 0-0: Ball
1-0: Fly out, F8 (Flyball, 8RD)
Batting: RHB Huai-yi Yang 0-0: Called Strike
0-1: Fly out, F8 (Flyball, 8LM)
Bottom of the 6th over - 2 runs, 3 hits, 0 errors, 1 left on base; Phoenix 5 - Grim 5
TOP OF THE 7TH
Phoenix Hotspur U-21 batting - Pitching for Grim Reapers : RHP Karl Dandleton
Batting: LHB Phil Mazzeo 0-0: Ball
1-0: Ball
2-0: Swinging Strike
2-1: Foul Ball, location: 2F
2-2: Strikes out looking
Batting: LHB Dinand Rehling 0-0: Ball
1-0: Ball
2-0: Called Strike
2-1: Ground out 4-3 (Groundball, 4M)
Batting: RHB Lopahin Davletyarov 0-0: Called Strike
0-1: Ball
1-1: Fly out, F9 (Line Drive, 9D)
Top of the 7th over - 0 runs, 0 hits, 0 errors, 0 left on base; Phoenix 5 - Grim 5
BOTTOM OF THE 7TH
Grim Reapers batting - Pitching for Phoenix Hotspur U-21 : RHP Eduardo Arroyo
Batting: RHB Milos Jaksch 0-0: Called Strike
0-1: Ball
1-1: Foul Ball, location: 2F
1-2: Ball
2-2: Foul Ball, location: 2F
2-2: Ground out 1-3 (Groundball, P)
Batting: RHB Keohi Iese 0-0: Ground out 5-3 (Groundball, 56S)
Batting: RHB Keiran Calleson 0-0: Ball
1-0: Foul Ball, location: 2F
1-1: Foul Ball, location: 2F
1-2: Fly out, F9 (Flyball, 9)
Bottom of the 7th over - 0 runs, 0 hits, 0 errors, 0 left on base; Phoenix 5 - Grim 5
TOP OF THE 8TH
Phoenix Hotspur U-21 batting - Pitching for Grim Reapers : RHP Karl Dandleton
Batting: RHB Martín Talia 0-0: Ball
1-0: Called Strike
1-1: Fly out, F5 (Flyball, 5D)
Batting: LHB Mare Riseley 0-0: Fly out, F2 (Popup, 2LF)
Batting: RHB Terry MacDonald 0-0: Swinging Strike
0-1: Swinging Strike
0-2: Ground out 6-3 (Groundball, 56)
Top of the 8th over - 0 runs, 0 hits, 0 errors, 0 left on base; Phoenix 5 - Grim 5
BOTTOM OF THE 8TH
Grim Reapers batting - Pitching for Phoenix Hotspur U-21 : RHP Eduardo Arroyo
Pitching: LHP Neal Burns
Batting: RHB Bearooz Yacoobi 0-0: Fly out, F7 (Flyball, 78D)
Batting: RHB Brandon Palmer 0-0: Called Strike
0-1: Ball
1-1: Called Strike
1-2: Hit by Pitch
Pinch Hitting: RHB Qwuntrezz Knight 0-0: Called Strike
0-1: Ball
1-1: Ball
2-1: Foul Ball, location: 2F
2-2: Foul Ball, location: 2F
2-2: Ball
3-2: Ground out 5-3 (Groundball, 56S)
Brandon Palmer to second
Pinch Hitting: RHB Bartolo Hernández 0-0: Called Strike
0-1: Ball
1-1: Ball
2-1: Foul Ball, location: 2F
2-2: Ground out 6-3 (Groundball, 6)
Bottom of the 8th over - 0 runs, 0 hits, 0 errors, 1 left on base; Phoenix 5 - Grim 5
TOP OF THE 9TH
Phoenix Hotspur U-21 batting - Pitching for Grim Reapers : RHP Karl Dandleton
Pitching: RHP Archie Hodges
Now at 1B: Kei-thing Zhang
Now in RF: Salvadaro Sarachaga
Pinch Hitting: LHB Carlos Rodríguez 0-0: Ball
1-0: Ball
2-0: SINGLE (Line Drive, 5D)
Pinch Hitting: RHB Fernando González 0-0: Ball
1-0: Bunt - Flyout! F3
Pinch Hitting: RHB Brit Davis 0-0: Called Strike
0-1: Swinging Strike
0-2: Ball
1-2: SINGLE (Groundball, 56) (infield hit)
Carlos Rodríguez to second
Batting: LHB Phil Mazzeo 0-0: Called Strike
0-1: Ball
1-1: Foul Ball, location: 2F
1-2: Strikes out swinging
Batting: LHB Dinand Rehling 0-0: Fly out, F7 (Flyball, 7)
Top of the 9th over - 0 runs, 2 hits, 0 errors, 2 left on base; Phoenix 5 - Grim 5
BOTTOM OF THE 9TH
Grim Reapers batting - Pitching for Phoenix Hotspur U-21 : LHP Neal Burns
Now at C: Toby Bruce
Now at 3B: Brit Davis
Batting: RHB Tso-i Wang 0-0: Hit by Pitch
Now at SS: Greg Billingsley
Batting: RHB Huai-yi Yang 0-0: Ball
1-0: Bunted foul
1-1: Bunted foul
1-2: Grounds into double play, 6-4-3 (Groundball, 6)
Batting: RHB Milos Jaksch 0-0: Ball
1-0: Foul Ball, location: 2F
1-1: Ground out 5-3 (Groundball, 5S)
Bottom of the 9th over - 0 runs, 0 hits, 0 errors, 0 left on base; Phoenix 5 - Grim 5
TOP OF THE 10TH
Phoenix Hotspur U-21 batting - Pitching for Grim Reapers : RHP Archie Hodges
Batting: RHB Lopahin Davletyarov 0-0: Called Strike
0-1: Ball
1-1: SINGLE (Line Drive, 78S)
Batting: RHB Martín Talia 0-0: SINGLE (Flyball, 9S)
Lopahin Davletyarov to second
Runner from 2nd tries for 3rd, SAFE, no throw
Batting: LHB Mare Riseley 0-0: Ball
1-0: Ball
2-0: Fly out, F8 (Flyball, 8RD)
Runner from 3rd tags up, SCORES, no throw
Batting: RHB Terry MacDonald 0-0: Ball
Wild Pitch!
Martín Talia to second
1-0: Intentional Walk
Batting: RHB Toby Bruce 0-0: Called Strike
0-1: SINGLE (Groundball, 6MD)
Martín Talia to third
Terry MacDonald to second
Runner from 3rd tries for Home, SAFE, throw made home
Batting: RHB Greg Billingsley 0-0: Called Strike
0-1: Ball
1-1: Grounds into double play, 1-4-3 (Groundball, 15)
Top of the 10th over - 2 runs, 3 hits, 0 errors, 1 left on base; Phoenix 7 - Grim 5
BOTTOM OF THE 10TH
Grim Reapers batting - Pitching for Phoenix Hotspur U-21 : LHP Neal Burns
Pitching: RHP Jason MacDonald
Batting: RHB Keohi Iese 0-0: Ball
1-0: Ball
2-0: Called Strike
2-1: Ball
3-1: Foul Ball, location: 2F
3-2: Fly out, F5 (Line Drive, 5)
Batting: RHB Keiran Calleson 0-0: Ball
1-0: Called Strike
1-1: Called Strike
1-2: SINGLE (Line Drive, 4D)
Batting: RHB Bearooz Yacoobi 0-0: Foul Ball, location: 2F
0-1: Ball
1-1: Swinging Strike
1-2: Ball
2-2: Foul Ball, location: 2F
2-2: Strikes out swinging
Batting: RHB Brandon Palmer 0-0: Ball
1-0: Swinging Strike
1-1: Foul Ball, location: 2F
1-2: Strikes out swinging
Bottom of the 10th over - 0 runs, 1 hit, 0 errors, 1 left on base; Phoenix 7 - Grim 5
Tuesday, June 12th, 2018 - OOTP Baseball 18.8 Build 76